 Dungeon Crawl Stone Soup version 0.29-a0-838-g385bb11a5b (webtiles) character file.

Game seed: 13082572646524924411

84 ytrimaz the Chopper (level 4, -1/55 HPs)
             Began as a Demonspawn Berserker on July 14, 2022.
             Was a Believer of Trog.
             Slain by a gnoll
             ... wielding a +0 halberd
              (5 damage)
             ... on level 2 of the Dungeon.
             The game lasted 00:02:21 (1685 turns).

ytrimaz the Chopper (Demonspawn Berserker)          Turns: 1685, Time: 00:02:22

Health: -1/55      AC:  4    Str: 20    XL:     4   Next: 24%
Magic:  13/13      EV: 12    Int:  8    God:    Trog [**....]
Gold:   90         SH:  0    Dex: 12    Spells: 3/3 levels left

rFire   . . .      SeeInvis +   a - +0 hand axe
rCold   . . .      Faith    .   (no shield)
rNeg    . . .      Spirit   .   b - +1 animal skin
rPois   .          Reflect  .   (helmet restricted)
rElec   .          Harm     .   (no cloak)
rCorr   .          Rampage  .   (no gloves)
Will    ++...                   (no boots)
Stlth   ..........              (no amulet)
HPRegen 1.18/turn               k - ring of see invisible
MPRegen 0.13/turn               l - ring of magical power

@: brilliant, berserking (expiring), strong-willed (expiring), regenerating
(expiring), very quick
A: sharp scales 1, horns 1
a: Renounce Religion, Berserk, Trog's Hand


You were on level 2 of the Dungeon.
You worshipped Trog.
Trog was pleased with you.
You visited 1 branch of the dungeon, and saw 2 of its levels.

You collected 90 gold pieces.

Inventory:

Hand Weapons
 a - a +0 hand axe (weapon)
Armour
 b - a +1 animal skin (worn)
Jewellery
 g - a ring of fire
 k - a ring of see invisible (left hand)
 l - a ring of magical power (right hand)
Scrolls
 e - a scroll of fog
 f - a scroll of vulnerability
 h - a scroll of immolation
 i - a scroll of magic mapping
 m - a scroll of noise
Potions
 c - a potion of attraction


   Skills:
 + Level 3.9 Fighting
 + Level 4.0 Axes
 - Level 1.7 Armour
 - Level 1.7 Dodging


You had 3 spell levels left.
You didn't know any spells.
Your spell library was empty.

Dungeon Overview and Level Annotations

Branches:
Dungeon (2/15)

Altars:


Innate Abilities, Weirdness & Mutations

You are partially covered in razor-sharp scales. (AC +1, Slay +1)
You have a pair of small horns on your head.


Message History

The gnoll hits you from afar with a +0 spear.
You barely miss the ball python. You barely miss the gnoll.
The ball python bites you but does no damage.
The ball python constricts you. The gnoll barely misses you. x3
You slash the ball python!
You kill the ball python!
Trog accepts your kill.
You barely miss the gnoll.
Unknown command.
A worm comes into view.
The gnoll barely misses you. The gnoll hits you with a +0 flail!
The gnoll hits you with a +0 spear.
You barely miss the gnoll. You slash the gnoll! You hit the gnoll.
You feel the effects of Trog's Hand fading.
The gnoll hits you with a +0 halberd!
* * * LOW HITPOINT WARNING * * *
The gnoll hits you with a +0 flail.
* * * LOW HITPOINT WARNING * * *
The gnoll misses you.
You hit the gnoll but do no damage. You closely miss the gnoll.
You slash the gnoll!
You kill the gnoll!
Trog accepts your kill. The gnoll closely misses you.
The gnoll barely misses you.
A rat comes into view.
You have reached level 4!
You feel stronger.
You closely miss the gnoll. You hit the gnoll.
You kill the gnoll!
Trog accepts your kill.
Your Axes skill increases to level 4!
Unknown command.
Unknown command.
You slash the gnoll!
The gnoll is severely wounded.
You slash the dart slug!
You kill the dart slug!
Trog accepts your kill. The gnoll hits you with a +0 halberd.
You die...

...# ##### #. #... ..#.# #.
#..# #.#.#### #. #####..#
#.#....# #. # #......#
#.#....####. . #. #......#
#.#......... ..##.##......#
#.#.........
..........#.)####...........
..........#@)##.....###.....
#........#)g.....#.........
#.$...wg...###.#.#.#####...
#..............#.#.### #...
#..###.........#...... #...
#. ##w......##.....#+#...
#.......##...........
#r......##...........
.....................


You could see a worm, a gnoll and a rat.

Vanquished Creatures
  An adder (D:2)
  3 gnolls (D:2)
  3 dart slugs (D:2)
  4 bats
  2 endoplasms (D:1)
  A giant cockroach (D:1)
  7 hobgoblins
  7 ball pythons
  6 frilled lizards
  5 goblins (D:1)
  3 kobolds
  2 rats (D:1)
44 creatures vanquished.

Notes
Turn   | Place    | Note
-------+----------+-------------------------------------------
     0 | D:1      | ytrimaz the Demonspawn Berserker began the quest for the
                  | Orb.
     0 | D:1      | Reached XP level 1. HP: 18/18 MP: 1/1
   114 | D:1      | Reached skill level 3 in Axes
   115 | D:1      | Gained mutation: You are partially covered in razor-sharp
                  | scales. (AC +1, Slay +1) [demonic ancestry]
   115 | D:1      | Reached XP level 2. HP: 7/24 MP: 2/2
   677 | D:1      | Reached ** piety under Trog
   722 | D:1      | Reached XP level 3. HP: 29/29 MP: 3/3
  1674 | D:2      | Gained mutation: You have a pair of small horns on your
                  | head. [potion of mutation]
  1682 | D:2      | HP: 1/45 [gnoll/+0 flail (2)]
  1684 | D:2      | Reached XP level 4. HP: 2/37 MP: 4/4
  1685 | D:2      | Reached skill level 4 in Axes
  1685 | D:2      | Slain by a gnoll

Illustrated notes

Levels and vault maps discovered:
D:1:      minmay_arrival_loop, layout_basic, minmay_quantized
D:2:      layout_basic, minmay_three_crescents

Skill      XL: |  1  2  3  4 |
---------------+-------------+-----
Axes           | 3 4 |  4.0
Fighting       | |  3.9
Armour         | |  1.7
Dodging        | |  1.7

Action                   |  1- 3 |  4- 6 || total
-------------------------+-------+-------++-------
Melee: Hand axe          |   100 |     2 ||   102
       Punch             |     2 |       ||     2
Invok: Berserk           |     1 |       ||     1
       Trog's Hand       |     1 |       ||     1
  Use: Scroll            |     9 |       ||     9
       Potion            |     2 |       ||     2
 Stab: Sleeping          |     1 |       ||     1
Armor: Animal skin       |    31 |       ||    31
Dodge: Dodged            |    82 |       ||    82

Table legend: (Time is in decaauts)
 A = Elapsed time spent in this place.
 B = Non-inter-level travel time spent in this place.
 C = Inter-level travel time spent in this place.
 D = Time resting spent in this place.
 E = Time spent auto-exploring this place.
 F = Levels seen in this place.
 G = Mean time per level.
                   A        B        C        D        E       F      G
               +--------+--------+--------+--------+--------+-----+--------+
         Total |   1695 |   1678 |     17 |    193 |   1162 |   2 |  847.5 |
       Dungeon |   1695 |   1678 |     17 |    193 |   1162 |   2 |  847.5 |
               +--------+--------+--------+--------+--------+-----+--------+

Top non-repeatable levels by time:
     D:1: 1184 daAuts
     D:2: 510 daAuts
